 Dungeon Crawl Stone Soup version 0.26-a0-346-g33516b1736 (webtiles) character file.

Game seed: 10946214485017980774

683 BritishOli the Skirmisher (level 7, -3/56 HPs)
             Began as a Demonspawn Fighter on July 17, 2020.
             Slain by a gnoll shaman
             ... wielding a +0 club
              (4 damage)
             ... on level 5 of the Dungeon.
             The game lasted 00:03:44 (4395 turns).

BritishOli the Skirmisher (Demonspawn Fighter)      Turns: 4395, Time: 00:03:44

Health: -3/56      AC: 12    Str: 18    XL:     7   Next: 35%
Magic:  0/7        EV:  7    Int:  8    God:
Gold:   256        SH:  9    Dex: 13    Spells: 6/6 levels left

rFire    . . .     SeeInvis +   a - +0 long sword
rCold    . . .     Faith    .   c - +0 kite shield
rNeg     + . .     Spirit   +   b - +0 scale mail
rPois    +         Reflect  .   (helmet unavailable)
rElec    .         Harm     .   v - +2 ratskin cloak {+Rats rPois rN+ Str-1 Int-1 Dex+1}
rCorr    .                      (no gloves)
MR       .....                  (no boots)
Stlth    ..........             q - amulet of guardian spirit
HPRegen  0.18/turn              t - ring of see invisible
MPRegen  0.10/turn              (no ring)

@: no status effects
A: horns 3, iridescent scales 1, powered by pain 1
a: Evoke Ratskin


You were on level 5 of the Dungeon.
You visited 1 branch of the dungeon, and saw 5 of its levels.

You collected 256 gold pieces.

Inventory:

Hand Weapons
 a - a +0 long sword (weapon)
Armour
 b - a +0 scale mail (worn)
 c - a +0 kite shield (worn)
 v - the +2 ratskin cloak (worn) {+Rats rPois rN+ Str-1 Int-1 Dex+1}
   (You found it on level 4 of the Dungeon)

   It affects your strength (-1).
   It affects your intelligence (-1).
   It affects your dexterity (+1).
   It protects you from poison.
   It protects you from negative energy.
Jewellery
 q - an amulet of guardian spirit (around neck)
 t - a ring of see invisible (left hand)
 y - a +6 ring of strength {unknown}
Scrolls
 e - 5 scrolls of teleportation {unknown}
 f - 3 scrolls of enchant armour {unknown}
 h - 4 scrolls of remove curse {unknown}
 i - a scroll of fear {unknown}
 k - 8 scrolls of identify {unknown}
 n - a scroll of magic mapping {unknown}
 r - a scroll of blinking {unknown}
 u - a scroll of immolation {unknown}
Potions
 d - 3 potions of might
 g - a potion of degeneration {unknown}
 j - 2 potions of heal wounds {unknown}
 l - 3 potions of cancellation {unknown}
 m - a potion of resistance {unknown}
 o - a potion of haste {unknown}
 p - a potion of flight {unknown}
 s - a potion of stabbing {unknown}
 w - a potion of berserk rage {unknown}
 x - 3 potions of curing {unknown}


   Skills:
 + Level 5.0 Fighting
 + Level 4.0 Long Blades
 + Level 4.5 Armour
 + Level 4.5 Shields


You had 6 spell levels left.
You didn't know any spells.
Your spell library was empty.

Dungeon Overview and Level Annotations

Branches:
Dungeon (5/15)
 Temple: D:4-7

Altars:
Hepliaklqana
Ru
The Shining One

Annotations:
D:4 3 runed translucent doors, p0wl's ghost, amateur MiBe


Innate Abilities, Weirdness & Mutations

You have a pair of large horns on your head.
You are partially covered in iridescent scales. (AC +2)
You sometimes gain a little power by taking damage.


Message History

The gnoll hits you from afar with a +0 halberd.
* * * LOW HITPOINT WARNING * * *
You block the gnoll shaman's attack.
You hit the gnoll shaman but do no damage.
The gnoll shaman is severely wounded.
The gnoll hits you from afar with a +0 halberd.
* * * LOW HITPOINT WARNING * * *
The gnoll shaman hits you with a +0 club.
* * * LOW HITPOINT WARNING * * *
You hit the gnoll shaman.
The gnoll shaman is almost dead.
The gnoll barely misses you.
The gnoll shaman hits you with a +0 club.
* * * LOW HITPOINT WARNING * * *
You closely miss the gnoll shaman. Your headbutt misses the gnoll shaman.
The gnoll shaman is almost dead.
The gnoll hits you from afar with a +0 halberd.
* * * LOW HITPOINT WARNING * * *
The gnoll shaman hits you with a +0 club.
You die...

#≈≈≈≈≈≈≈≈≈≈≈≈....≈≈≈≈≈≈≈≈≈≈≈≈####
≈≈≈≈≈≈≈≈≈≈≈≈≈.)..≈≈≈≈≈≈≈≈≈≈≈≈≈≈≈≈
≈≈≈≈≈≈≈≈≈≈≈≈gg...≈≈≈≈≈≈≈≈≈≈≈≈≈≈≈≈
............g....................
#.#####...##.#.###.####.##.######
...###.....#...# #.####.##.# #
............)### #.........# ####
...#..>......gg########.#### #...
#####........ggg@)......# #.##
##........########### #.##
##...##.## #.## ##.###.# #.## ###
#.# #.# #.# #.## #.# #... #.#
#### #.#


You could see a gnoll shaman and 4 gnolls.

Vanquished Creatures
  An ice beast (D:5)
  A bullfrog (D:3)
  A gnoll sergeant (D:5)
  A centaur zombie (D:5)
  A hound (D:5)
  An orc priest (D:3)
  2 jellies
  An iguana (D:5)
  2 worker ants (D:4)
  4 adders
  9 gnolls (D:5)
  A shadow imp (D:4)
  An ooze (D:2)
  A worm (D:2)
  A dart slug (D:1)
  3 leopard geckos
  9 orcs
  9 bats
  3 giant cockroaches
  5 goblins
  9 hobgoblins
  16 jackals
  4 kobolds
  A quokka (D:4)
  3 ball pythons
  3 frilled lizards
  A jackal skeleton (D:5)
  5 rats
99 creatures vanquished.

Notes
Turn   | Place    | Note
-------+----------+-------------------------------------------
     0 | D:1      | BritishOli the Demonspawn Fighter began the quest for the
                  | Orb.
     0 | D:1      | Reached XP level 1. HP: 18/18 MP: 1/1
   125 | D:1      | Gained mutation: You are partially covered in iridescent
                  | scales. (AC +2) [demonic ancestry]
   125 | D:1      | Reached XP level 2. HP: 10/24 MP: 2/2
   468 | D:1      | Found a glowing golden altar of the Shining One.
   786 | D:2      | Gained mutation: You have a pair of small horns on your
                  | head. [demonic ancestry]
   786 | D:2      | Reached XP level 3. HP: 29/29 MP: 3/3
  1058 | D:2      | Found a sacrificial altar of Ru.
  1058 | D:2      | Found a hazy altar of Hepliaklqana.
  1063 | D:2      | Reached XP level 4. HP: 26/37 MP: 4/4
  1978 | D:3      | Gained mutation: You have a pair of horns on your head.
                  | [demonic ancestry]
  1978 | D:3      | Reached XP level 5. HP: 42/42 MP: 5/5
  2079 | D:3      | Reached skill level 4 in Fighting
  2510 | D:4      | Noticed p0wl's ghost (amateur MiBe)
  2550 | D:4      | Noticed an ice beast
  2558 | D:4      | Found a runed translucent gate.
  2558 | D:4      | Found a runed translucent gate.
  2558 | D:4      | Found a runed translucent gate.
  2577 | D:4      | Found the +2 ratskin cloak {+Rats rPois rN+ Str-1 Int-1
                  | Dex+1}
  2946 | D:4      | Gained mutation: You sometimes gain a little power by
                  | taking damage. [demonic ancestry]
  2946 | D:4      | Reached XP level 6. HP: 30/48 MP: 4/6
  3243 | D:4      | Found a sacrificial altar of Ru.
  3328 | D:4      | Noticed an ice beast
  3356 | D:5      | Entered Level 5 of the Dungeon
  3526 | D:5      | Noticed an ice beast
  3536 | D:5      | Killed an ice beast
  3849 | D:5      | Gained mutation: You have a pair of large horns on your
                  | head. [demonic ancestry]
  3849 | D:5      | Reached XP level 7. HP: 55/55 MP: 7/7
  4389 | D:5      | Reached skill level 5 in Fighting
  4394 | D:5      | HP: 2/56 [gnoll shaman/+0 club (1)]
  4395 | D:5      | Slain by a gnoll shaman

Illustrated notes

Levels and vault maps discovered:
D:1:      psy_arrival_basics, layout_rooms, tso_metal_star
D:2:      layout_loops_ring, gammafunk_temple_overflow_pools,
          serial_bayou_pond_c
D:3:      layout_basic
D:4:      layout_basic, gammafunk_ghost_icy, hangedman_decor_diamond_cutter,
          nicolae_ru_path_of_blood
D:5:      lemuel_castle_with_subvaults [lemuel_castle_interior_carwin_2],
          layout_loops_corners

Skill      XL: |  1  2  3  4  5  6  7 |
---------------+----------------------+-----
Long Blades    | 2 3 4 |  4.0
Armour         | 3 4 |  4.5
Shields        | 3 4 |  4.5
Fighting       | 4 5 |  5.0

Action                   |  1- 3 |  4- 6 |  7- 9 || total
-------------------------+-------+-------+-------++-------
Melee: Long sword        |    93 |   181 |    91 ||   365
       Headbutt          |     7 |    38 |    13 ||    58
Armor: Scale mail        |    70 |    80 |    74 ||   224
Dodge: Dodged            |    46 |    56 |    50 ||   152
Block: Kite shield       |    68 |    80 |    85 ||   233
       Rpst.: Long sword |    17 |    17 |    20 ||    54

Table legend:
 A = Non-vault XP
 B = Vault XP
 C = Vault XP percentage of total XP
 D = Non-vault monster count
 E = Vault monster count
 F = Vault count percentage of total count
                 A         B        C        D         E       F
            +---------+---------+-------+---------+---------+-------
      Total |     737 |     240 |  24.6 |      75 |      24 |  24.2
            +---------+---------+-------+---------+---------+-------
        D:1 |      33 |       0 |   0.0 |      19 |       0 |   0.0
        D:2 |     109 |       0 |   0.0 |      13 |       0 |   0.0
        D:3 |     183 |       0 |   0.0 |      25 |       0 |   0.0
        D:4 |      96 |       0 |   0.0 |      10 |       0 |   0.0
        D:5 |     316 |     240 |  43.2 |       8 |      24 |  75.0
            +---------+---------+-------+---------+---------+-------
